 Dungeon Sprint DCSS version 0.30-a0-691-g754fce4c43 (webtiles) character file.

Game seed: 4342453533693071407

91 BigDaddyOpFi the Trooper (level 4, -4/44 HPs)
             Began as a Hill Orc Fighter on Jan 19, 2023.
             Killed by divine providence
             ... invoked by an oklob sapling priest
              (12 damage)
             ... in the Dungeon (Sprint IV: "Fedhas' Mad Dash").
             The game lasted 00:01:05 (1060 turns).

BigDaddyOpFi the Trooper (Hill Orc Fighter)         Turns: 1060, Time: 00:01:06

Health: -4/44      AC:  3    Str: 20    XL:     4   Next: 57%
Magic:  4/4        EV:  9    Int:  8    God:
Gold:   42         SH:  5    Dex: 10    Spells: 3/3 levels left

rFire   . . .      SeeInvis .    a - +0 war axe
rCold   . . .      Faith    .    c - +0 buckler
rNeg    . . .      Spirit   .    b - +0 scale mail
rPois   .          Reflect  .    (no helmet)
rElec   .          Harm     .    (no cloak)
rCorr   .          Rampage  .    (no gloves)
Will    .....      NoTele   +    (no boots) Stlth
                                 g - amulet of invisibility {+Inv}
HPRegen 0.27/turn                (no ring)
MPRegen 0.09/turn                (no ring)

@: corroded
A: no striking features
a: Evoke Invisibility


You were in the Dungeon.
You visited 1 branch You collected 42 gold pieces.

Inventory:

Hand Weapons
 a - a +0 war axe (weapon)
Armour
 b - a +0 scale mail (worn)
 c - a +0 buckler (worn)
Jewellery
 g - the amulet of invisibility (around neck) {+Inv}
   (You found it in the Dungeon)

   [amulet of nothing]

   +Inv:      It lets you turn invisible.
Potions
 d - a potion of might
 e - a potion of curing
 f - a potion of heal wounds
 h - 2 potions of magic
 i - a potion of berserk rage


   Skills:
 + Level 6.2 Fighting
 + Level 6.2 Axes
 + Level 5.7 Armour
 + Level 5.7 Shields


You had 3 spell levels left.
You didn't know any spells.
Your spell library contained the following spells:

 Spells                   Type           Power      Damage    Failure   Level
 Olgreb's Toxic Radiance  Pois           0%         N/A       100%        4
 Ozocubu's Refrigeration  Ice            0%         4d7       100%        7
 Ignition                 Fire           0%         3d3       100%        8


Dungeon Overview and Level Annotations

Branches:
Dungeon (1/1)

Altars:
Cheibriados
Dithmenos
Elyvilon
Gozag
Hepliaklqana
Kikubaaqudgha
Makhleb
Nemelex Xobeh
Okawaru
Qazlal
Ru
Sif Muna
Trog
Uskayaw
Vehumet
Wu Jian
Xom
Yredelemnul
Zin
The Shining One
Beogh
Jiyva
Lugonu

Annotations:
D exclusion: oklob sapling


Message History

There is an open door here.
You start resting.
You are no longer corroded.
You start resting.
HP restored.
You start waiting.
Done waiting.
Okay, then.
Really walk into a travel-excluded area? [Y]es or [N]o only, please.
Really walk into a travel-excluded area?
There is an open door here.
The oklob sapling priest spits acid at you.
The splash of acid hits you!!
Ouch! That really hurt!
There is an open door here.
You start resting.
HP restored.
You start waiting.
Done waiting.
Really walk into a travel-excluded area?
There is an open door here.
Blink to where?
Press: ? - help, Dir - move target
Found five altars.
As you read the scroll of blinking, it crumbles to dust.
You hit the oklob sapling priest.
The oklob sapling priest is lightly damaged.
The oklob sapling priest spits acid at you.
The splash of acid hits you!!
Ouch! That really hurt!
The acid corrodes you!
You hit the oklob sapling priest.
The oklob sapling priest is heavily damaged.
The oklob sapling priest invokes the aid of its god against you.
Something smites you!
* * * LOW HITPOINT WARNING * * *
The oklob sapling priest invokes the aid of its god against you.
Something smites you!
You die...

########################
....#.....#.⌠._._._._.⌠.
(...'.#...'.._._._._._..
....#.#...#..._.@P_._...
########+##.._._._._._..
#._._._._._.⌠.
##############


You could see an oklob sapling priest.

Vanquished Creatures
  A scorpion (D)
  An oklob sapling (D)
  A river rat (D)
  A rat (D)
4 creatures vanquished.

Notes
Turn   | Place    | Note
-------+----------+-------------------------------------------
     0 | D        | BigDaddyOpFi the Hill Orc Fighter began the quest for the
                  | Orb.
     0 | D        | Reached XP level 1. HP: 19/19 MP: 1/1
    12 | D        | Reached XP level 2. HP: 13/28 MP: 2/2
   179 | D        | Noticed an oklob sapling
   526 | D        | Killed an oklob sapling
   527 | D        | Reached skill level 5 in Fighting
   527 | D        | Reached XP level 3. HP: 36/36 MP: 3/3
   529 | D        | Noticed a scorpion
   529 | D        | Found the amulet of invisibility {+Inv}
   534 | D        | Killed a scorpion
   535 | D        | Reached skill level 5 in Armour
   535 | D        | Reached skill level 5 in Shields
   535 | D        | Reached XP level 4. HP: 36/44 MP: 4/4
   602 | D        | Found an opulent altar of Gozag.
   602 | D        | Found a hazy altar of Hepliaklqana.
   602 | D        | Found a burning altar of Makhleb.
   602 | D        | Found a roughly hewn altar of Beogh.
   602 | D        | Found a sparkling altar of Nemelex Xobeh.
   602 | D        | Found a snail-covered altar of Cheibriados.
   602 | D        | Found a sacrificial altar of Ru.
   602 | D        | Found a shimmering blue altar of Sif Muna.
   602 | D        | Found a shimmering altar of Xom.
   602 | D        | Found a basalt altar of Yredelemnul.
   603 | D        | Found a viscous altar of Jiyva.
   603 | D        | Found a bloodstained altar of Trog.
   603 | D        | Found an ornate altar of the Wu Jian Council.
   603 | D        | Noticed an oklob sapling priest
   604 | D        | Found an iron altar of Okawaru.
   604 | D        | Found a shadowy altar of Dithmenos.
   604 | D        | Found a glowing silver altar of Zin.
   605 | D        | Found a hide-covered altar of Uskayaw.
   605 | D        | Found an ancient bone altar of Kikubaaqudgha.
  1058 | D        | Found a stormy altar of Qazlal.
  1058 | D        | Found a radiant altar of Vehumet.
  1058 | D        | Found a corrupted altar of Lugonu.
  1058 | D        | Found a glowing golden altar of the Shining One.
  1058 | D        | Found a white marble altar of Elyvilon.
  1060 | D        | Killed from afar by an oklob sapling priest

Illustrated notes

Levels and vault maps discovered:
D:        dungeon_sprint_fedhas [sprint_temple]

Skill      XL: |  1  2  3 |
---------------+----------+-----
Fighting       | 4 5 6 |  6.2
Axes           | 3 4 6 |  6.2
Armour         | 4 5 |  5.7
Shields        | 4 5 |  5.7

Action                   |  1- 3 |  4- 6 || total
-------------------------+-------+-------++-------
Melee: War axe           |    11 |     2 ||    13
  Use: Potion            |     1 |       ||     1
       Scroll            |       |     1 ||     1
Armor: Scale mail        |     3 |       ||     3
Dodge: Dodged            |     4 |       ||     4
Block: Buckler           |     3 |       ||     3

Table legend: (Time is in decaauts)
 A = Elapsed time spent in this place.
 B = Non-inter-level travel time spent in this place.
 C = Inter-level travel time spent in this place.
 D = Time resting spent in this place.
 E = Time spent auto-exploring this place.
 F = Levels seen in this place.
 G = Mean time per level.
                   A        B        C        D        E       F      G
               +--------+--------+--------+--------+--------+-----+--------+
         Total |   1051 |   1051 |      0 |    981 |      0 |   1 | 1051.0 |
       Dungeon |   1051 |   1051 |      0 |    981 |      0 |   1 | 1051.0 |
               +--------+--------+--------+--------+--------+-----+--------+

Top non-repeatable levels by time:
       D: 1051 daAuts
